[Event "Team 45 45 League T93"]
[Site "Internet Chess Club"]
[Date "2022.07.18"]
[Round "1"]
[White "ElValero"]
[Black "fhunfi"]
[Result "1/2-1/2"]
[WhiteElo "1773"]
[BlackElo "1733"]
[Opening "QGD: Ragozin variation"]
[ECO "D38"]
[Time "09:00:23"]
[PlyCount "124"]
[TimeControl "2700+45"]

1. Nf3 e6 2. c4 Nf6 3. Nc3 d5 4. d4 Bb4 5. Bg5 c6 6. Qb3 Bxc3+ 7. Qxc3 Ne4 8.
Bxd8 Nxc3 9. bxc3 Kxd8 10. Ne5 Ke7 11. e3 f6 12. Nf3 b6 13. Be2 Ba6 14. cxd5
Bxe2 15. Kxe2 cxd5 16. Rhc1 Rc8 17. Kd3 Nd7 18. c4 Kd6 19. cxd5 exd5 20. a4 Rc7
21. Rxc7 Kxc7 22. Nd2 Rc8 23. Rc1+ Kb7 24. Rxc8 Kxc8 25. e4 dxe4+ 26. Nxe4 Kc7
27. Kc4 a6 28. Nc3 Kd6 29. Ne4+ Ke6 30. d5+ Ke5 31. f3 b5+ 32. axb5 axb5+ 33.
Kxb5 Kxd5 34. Ng3 g6 35. h4 Ke5 36. Ne2 f5 37. Kc4 Nf6 38. Kd3 f4 39. Ng1 Nd5
40. Ke2 Ne7 41. Kf2 Nf5 42. h5 gxh5 43. Nh3 h6 44. Ke2 h4 45. Kf2 Ne3 46. Kg1
Nd5 47. Kf2 Nc7 48. Ng1 Ne6 49. Nh3 Ng5 50. Ng1 h5 51. Kf1 Kd4 52. Kf2 h3 53.
gxh3 h4 54. Ne2+ Ke5 55. Ng1 Kd5 56. Ke2 Kd4 57. Kd2 Kc4 58. Kc2 Kd4 59. Kd2 Kc4
60. Kc2 Kd4 61. Kd2 Kc4 62. Kc2 Kd4 {Game drawn by repetition} 1/2-1/2

[Event "Team 45 45 League T93"]
[Site "Internet Chess Club"]
[Date "2022.07.16"]
[Round "1"]
[White "fireball"]
[Black "mongmong"]
[Result "1-0"]
[WhiteElo "1551"]
[BlackElo "1513"]
[Opening "Bogo-Indian defense, Nimzovich variation"]
[ECO "E11"]
[Time "16:04:39"]
[PlyCount "47"]
[TimeControl "2700+45"]

1. d4 e6 2. c4 Nf6 3. Nf3 Bb4+ 4. Bd2 Qe7 5. a3 Bxd2+ 6. Nbxd2 b6 7. g3 Bb7 8.
Bg2 O-O 9. O-O d6 10. Re1 Nbd7 11. e4 c5 12. d5 e5 13. Nh4 g6 14. Ndf3 Kg7 15.
Qd2 h6 16. Bh3 Nh7 17. Kg2 Rfd8 18. Rf1 Ndf8 19. Ng1 Qg5 20. f4 exf4 21. Rxf4
Bc8 22. Qf2 Bxh3+ 23. Nxh3 Rd7 24. Nxg5 {Black resigns} 1-0

[Event "Team 45 45 League T93"]
[Site "Internet Chess Club"]
[Date "2022.07.18"]
[Round "1"]
[White "julesraider"]
[Black "vollmerj"]
[Result "1-0"]
[WhiteElo "1622"]
[BlackElo "1439"]
[Opening "King's Indian: 6.Be2"]
[ECO "E91"]
[Time "19:37:40"]
[PlyCount "53"]
[TimeControl "2700+45"]

1. d4 Nf6 2. c4 g6 3. Nc3 Bg7 4. e4 d6 5. Nf3 O-O 6. Be2 c5 7. O-O cxd4 8. Nxd4
Nc6 9. h3 Nxd4 10. Qxd4 Nd7 11. Qd2 Ne5 12. b3 Qa5 13. Bb2 Bd7 14. Rfd1 Nc6 15.
Nd5 Qxd2 16. Rxd2 Bxb2 17. Rxb2 Rac8 18. Rd2 Be6 19. Nf4 Nd8 20. Re1 Rc5 21. Bf3
Bc8 22. Nd5 Re8 23. e5 dxe5 24. Rxe5 Be6 25. Nxe7+ Rxe7 26. Rxd8+ Kg7 27. Rxc5
{Black resigns} 1-0

[Event "Team 45 45 League T93"]
[Site "Internet Chess Club"]
[Date "2022.07.14"]
[Round "1"]
[White "smsxman"]
[Black "Toalla"]
[Result "1/2-1/2"]
[WhiteElo "1434"]
[BlackElo "1217"]
[Opening "Robatsch defense"]
[ECO "B06"]
[Time "12:27:06"]
[PlyCount "147"]
[TimeControl "2700+45"]

1. e4 g6 2. Nc3 Bg7 3. d4 c5 4. e5 Qa5 5. Qd2 Nc6 6. Nge2 cxd4 7. Nxd4 Nxd4 8.
Qxd4 Qxe5+ 9. Qxe5 Bxe5 10. Ne2 Nf6 11. g3 d5 12. c3 O-O 13. Bg2 b6 14. O-O Bb7
15. Bg5 Kg7 16. Rad1 e6 17. Bxf6+ Bxf6 18. Nd4 Rac8 19. Nb5 a5 20. Nd6 Rc7 21.
Nxb7 Rxb7 22. c4 Bxb2 23. cxd5 Rd7 24. dxe6 Rxd1 25. Rxd1 fxe6 26. Rd7+ Rf7 27.
Rd6 b5 28. Rxe6 Bd4 29. Re2 b4 30. Kf1 Rc7 31. Bd5 Rc1+ 32. Kg2 Rc7 33. Bb3 Bf6
34. f3 Re7 35. Rc2 Bc3 36. g4 g5 37. h3 h6 38. Kf2 Bd4+ 39. Kg2 Bc3 40. Bc4 Be1
41. Bf1 Bh4 42. Rc6 Ra7 43. Bc4 a4 44. Bd3 Rd7 45. Rg6+ Kf8 46. Rf6+ Kg7 47.
Rg6+ Kf8 48. Be4 Rd2+ 49. Kf1 Rf2+ 50. Kg1 Rxa2 51. Rxh6 Ra1+ 52. Kg2 Ra2+ 53.
Kf1 Rf2+ 54. Kg1 Ra2 55. Rh8+ Kg7 56. Rh7+ Kf8 57. Rd7 Ra1+ 58. Kg2 Ra2+ 59. Kf1
Rf2+ 60. Kg1 a3 61. Rd1 b3 62. Bd5 b2 63. Ba2 Rxf3 64. Rf1 Rxf1+ 65. Kxf1 Ke7
66. Ke2 Kf6 67. Kd3 Ke5 68. Kc4 Kf4 69. Kb3 Kg3 70. Kxa3 Kxh3 71. Kxb2 Kxg4 72.
Be6+ Kf4 73. Kc2 g4 74. Bxg4 {Game drawn because neither player has mating
material} 1/2-1/2

[Event "Team 45 45 League T93"]
[Site "Internet Chess Club"]
[Date "2022.07.17"]
[Round "1"]
[White "Gojira"]
[Black "timothysmall56"]
[Result "0-1"]
[WhiteElo "1503"]
[BlackElo "1638"]
[Opening "Queen's pawn game"]
[ECO "A45"]
[Time "17:03:36"]
[PlyCount "34"]
[TimeControl "2700+45"]

1. d4 Nf6 2. Nc3 e6 3. Bf4 d6 4. e3 Be7 5. Bd3 a6 6. h3 b5 7. a3 Bb7 8. Nf3 O-O
9. O-O Nbd7 10. e4 Rc8 11. d5 e5 12. Be3 c6 13. dxc6 Bxc6 14. b4 Bb7 15. Qd2 Qc7
16. Nd5 Bxd5 17. exd5 e4 {White resigns} 0-1

[Event "Team 45 45 League T93"]
[Site "Internet Chess Club"]
[Date "2022.07.17"]
[Round "1"]
[White "fvafier"]
[Black "Rookmaster"]
[Result "0-1"]
[WhiteElo "1495"]
[BlackElo "1506"]
[Opening "Réti: King's Indian attack (Barcza system)"]
[ECO "A07"]
[Time "17:00:20"]
[PlyCount "80"]
[TimeControl "2700+45"]

1. Nf3 d5 2. g3 Nc6 3. Bg2 e5 4. d3 f5 5. O-O Nf6 6. Nbd2 e4 7. dxe4 dxe4 8. Ng5
h6 9. Nh3 g5 10. Kh1 Be6 11. b3 Qd7 12. Nc4 O-O-O 13. Bb2 Bg7 14. Qxd7+ Rxd7 15.
Rad1 Rhd8 16. Rxd7 Rxd7 17. Bc3 Bxc4 18. bxc4 Ne8 19. Bxg7 Nxg7 20. e3 Rd2 21.
Rc1 Ne6 22. a3 Ne5 23. Kg1 Nxc4 24. a4 Nb2 25. Kf1 Rd1+ 26. Rxd1 Nxd1 27. Ng1
Nb2 28. a5 a6 29. g4 fxg4 30. Bxe4 Nc5 31. Bf5+ Kd8 32. Bxg4 Nc4 33. Ne2 Nxa5
34. Nd4 Nc4 35. Nf5 a5 36. Nxh6 a4 37. Be2 b5 38. Bxc4 bxc4 39. Nf7+ Kc8 40. Ne5
a3 {White resigns} 0-1

[Event "Team 45 45 League T93"]
[Site "Internet Chess Club"]
[Date "2022.07.17"]
[Round "1"]
[White "blind-warrior"]
[Black "Denis240964"]
[Result "0-1"]
[WhiteElo "1327"]
[BlackElo "1414"]
[Opening "Queen's pawn, Mason variation, Steinitz counter-gambit"]
[ECO "D00"]
[Time "15:02:34"]
[PlyCount "66"]
[TimeControl "2700+45"]

1. d4 d5 2. Bf4 c5 3. e3 e6 4. Nf3 Nc6 5. c3 Nf6 6. Bd3 c4 7. Bc2 b5 8. O-O Be7
9. Ne5 Bb7 10. a4 b4 11. b3 cxb3 12. Bxb3 Nxe5 13. dxe5 Nd7 14. cxb4 Bxb4 15.
Na3 Qe7 16. Nb5 O-O 17. Nd6 Ba6 18. Nb5 Nc5 19. Ba2 Rfb8 20. Rb1 Bxb5 21. axb5
Rxb5 22. Qe2 Rab8 23. f3 Na4 24. Qd3 Nc3 25. Rxb4 Qxb4 26. Qc2 Qb2 27. Qxb2 Rxb2
28. Bxd5 Nxd5 29. Bg3 Nxe3 30. Bf2 Nxf1 31. Kxf1 a5 32. Bd4 Rb1+ 33. Kf2 a4
{White resigns} 0-1

[Event "Team 45 45 League T93"]
[Site "Internet Chess Club"]
[Date "2022.07.16"]
[Round "1"]
[White "ChessG2011"]
[Black "CMAlge"]
[Result "1-0"]
[WhiteElo "1477"]
[BlackElo "1231"]
[Opening "Caro-Kann: Tartakower (Nimzovich) variation"]
[ECO "B15"]
[Time "13:00:41"]
[PlyCount "109"]
[TimeControl "2700+45"]

1. e4 c6 2. d4 d5 3. Nc3 dxe4 4. Nxe4 Nf6 5. Nxf6+ exf6 6. Nf3 Na6 7. Bxa6 Qa5+
8. Bd2 Qxa6 9. Qe2+ Qxe2+ 10. Kxe2 Bd6 11. Rhe1 O-O 12. Kf1 Be6 13. b3 c5 14. c4
cxd4 15. Nxd4 Be5 16. Nxe6 fxe6 17. Rab1 Rfd8 18. Bb4 Kf7 19. Rbd1 Rd4 20. Rxd4
Bxd4 21. Ke2 a5 22. Bd2 a4 23. Be3 Bc3 24. Rd1 axb3 25. axb3 Ke8 26. Kf3 Bb4 27.
Bd2 Rd8 28. Ke2 Rxd2+ 29. Rxd2 Bxd2 30. Kxd2 Kd7 31. Kd3 Kd6 32. b4 b6 33. f3 g6
34. g3 h6 35. f4 g5 36. Kd4 e5+ 37. fxe5+ fxe5+ 38. Ke4 g4 39. Kf5 h5 40. Ke4
Ke6 41. c5 b5 42. c6 Kd6 43. c7 Kxc7 44. Kxe5 Kc6 45. Ke6 Kc7 46. Kd5 Kb6 47.
Kd6 Kb7 48. Kc5 Kc7 49. Kxb5 Kb7 50. Kc5 Kc7 51. Kd5 Kb6 52. Ke5 Kb5 53. Kf5
Kxb4 54. Kg5 h4 55. Kxh4 {Black resigns} 1-0

[Event "Team 45 45 League T93"]
[Site "Internet Chess Club"]
[Date "2022.07.14"]
[Round "1"]
[White "mongmong"]
[Black "julesraider"]
[Result "0-1"]
[WhiteElo "1543"]
[BlackElo "1613"]
[Opening "Queen's pawn game"]
[ECO "D04"]
[Time "18:00:37"]
[PlyCount "44"]
[TimeControl "2700+45"]

1. d4 Nf6 2. Nf3 d5 3. e3 Bg4 4. c4 c5 5. Qb3 Bxf3 6. Qxb7 Nbd7 7. gxf3 e6 8.
cxd5 Nxd5 9. dxc5 Bxc5 10. Bd2 O-O 11. Qb3 Rb8 12. Qc2 Qh4 13. Nc3 Nxe3 14. Bxe3
Bxe3 15. Bg2 Rfc8 16. O-O Bf4 17. h3 Nf6 18. Qe2 Rc5 19. Ne4 Nxe4 20. fxe4 Rg5
21. Kh1 Be5 22. Rab1 Qf4 {White resigns} 0-1

[Event "Team 45 45 League T93"]
[Site "Internet Chess Club"]
[Date "2022.07.15"]
[Round "1"]
[White "xingon"]
[Black "Kingofknights"]
[Result "0-1"]
[WhiteElo "1304"]
[BlackElo "1461"]
[Opening "QGD Slav: Dutch, Lasker variation"]
[ECO "D18"]
[Time "16:01:07"]
[PlyCount "64"]
[TimeControl "2700+45"]

1. d4 d5 2. c4 c6 3. Nf3 Nf6 4. Nc3 dxc4 5. a4 Bf5 6. e3 Na6 7. Bxc4 Nb4 8. O-O
e6 9. Qe2 Be7 10. Ne5 O-O 11. e4 Bg6 12. Nxg6 hxg6 13. e5 Nfd5 14. Nxd5 cxd5 15.
Bb3 Qb6 16. Rd1 a5 17. Be3 Rac8 18. Rdc1 Rfe8 19. Qd2 Rc6 20. Rxc6 bxc6 21. Rc1
Na6 22. Qd3 Rb8 23. Bd1 c5 24. b3 cxd4 25. Bxd4 Bc5 26. Bxc5 Nxc5 27. Qd2 Ne4
28. Qe1 f5 29. Rc2 d4 30. Kh1 Nc3 31. Rxc3 dxc3 32. Qxc3 Qxf2 {White resigns}
0-1

[Event "Team 45 45 League T93"]
[Site "Internet Chess Club"]
[Date "2022.07.14"]
[Round "1"]
[White "seattleblues"]
[Black "Balderdash"]
[Result "1-0"]
[WhiteElo "1256"]
[BlackElo "1191"]
[Opening "Queen's pawn game, Chigorin variation"]
[ECO "D02"]
[Time "21:05:17"]
[PlyCount "137"]
[TimeControl "2700+45"]

1. d4 d5 2. Nf3 Nc6 3. c3 Bf5 4. Bf4 Nf6 5. e3 e6 6. Nbd2 Nh5 7. Bg5 f6 8. Bh4
g5 9. Bg3 Nxg3 10. hxg3 g4 11. Nh2 h5 12. c4 Bb4 13. Be2 Qd7 14. Nxg4 O-O-O 15.
Nxf6 Qf7 16. Nxh5 Bg6 17. g4 Bxd2+ 18. Qxd2 Rdf8 19. f3 Bxh5 20. gxh5 Rxh5 21.
O-O-O Rfh8 22. Rxh5 Rxh5 23. f4 Rh2 24. Bf3 b6 25. cxd5 exd5 26. a3 Na5 27. Qd3
Kb7 28. Kb1 Qd7 29. Rc1 Rh6 30. g4 Rc6 31. Rxc6 Qxc6 32. g5 Nc4 33. Qc3 Qg6+ 34.
Ka2 c6 35. Be2 Nd6 36. Qd3 Ne4 37. Qa6+ Kc7 38. Qxa7+ Kd6 39. Bd3 Nc3+ 40. bxc3
Qxd3 41. Qb8+ Kd7 42. Qb7+ Kd6 43. Qxb6 Qc2+ 44. Qb2 Qd3 45. Qb4+ Ke6 46. Qb1
Qc4+ 47. Qb3 Qe2+ 48. Qb2 Qc4+ 49. Ka1 Qf1+ 50. Qb1 Qa6 51. Qg6+ Kd7 52. Qf5+
Kc7 53. g6 Qc4 54. Qf7+ Kb6 55. Qf5 Qxc3+ 56. Kb1 Qb3+ 57. Kc1 Qxe3+ 58. Kd1
Qxd4+ 59. Ke2 Qb2+ 60. Kf3 Qxa3+ 61. Kg4 Qb2 62. Qe5 Qg2+ 63. Kf5 Qh3+ 64. Kf6
Qh8+ 65. g7 Qh6+ 66. Kf7 Qh7 67. Qb8+ Kc5 68. Qa7+ Kd6 69. Qe7# {Black
checkmated} 1-0

[Event "Team 45 45 League T93"]
[Site "Internet Chess Club"]
[Date "2022.07.15"]
[Round "1"]
[White "oldbookseller"]
[Black "WzeroMN"]
[Result "1-0"]
[WhiteElo "1141"]
[BlackElo "1007"]
[Opening "Queen's pawn game"]
[ECO "D05"]
[Time "13:00:56"]
[PlyCount "51"]
[TimeControl "2700+45"]

1. d4 d5 2. Nf3 Nf6 3. e3 e6 4. Bd3 Bd6 5. O-O O-O 6. b3 c5 7. Bb2 a6 8. Nbd2
Nc6 9. Re1 Nb4 10. Be2 Bd7 11. c3 Nc6 12. Qb1 cxd4 13. exd4 h6 14. Bd1 e5 15.
dxe5 Bxe5 16. Nxe5 Ne4 17. Re2 Nxd2 18. Qd3 Nxe5 19. Rxe5 Ne4 20. Bc2 Nf6 21. c4
dxc4 22. bxc4 Qc7 23. Rh5 Rfe8 24. Bxf6 g6 25. Rxh6 Kf8 26. Rh8# {Black
checkmated} 1-0

[Event "Team 45 45 League T93"]
[Site "Internet Chess Club"]
[Date "2022.07.17"]
[Round "1"]
[White "WillC"]
[Black "AlWynJones"]
[Result "1-0"]
[WhiteElo "1554"]
[BlackElo "1439"]
[Opening "Queen's pawn game"]
[ECO "A46"]
[Time "08:30:19"]
[PlyCount "99"]
[TimeControl "2700+45"]

1. d4 Nf6 2. Nf3 c6 3. b3 g6 4. g3 Bg7 5. Bg2 c5 6. e3 O-O 7. O-O Nc6 8. Bb2
cxd4 9. exd4 d5 10. Nbd2 Bg4 11. h3 Bd7 12. Rc1 Qc8 13. Kh2 Ne4 14. c4 dxc4 15.
Nxe4 Bf5 16. Re1 Rd8 17. Rxc4 Qd7 18. Nc5 Qc8 19. Qa1 Be6 20. Nxe6 fxe6 21. Ne5
Bxe5 22. Rxe5 Qd7 23. Bxc6 bxc6 24. Qe1 Rf8 25. Rxe6 Rf7 26. Rcxc6 Raf8 27. f4
g5 28. Qe5 Rf5 29. Qe2 gxf4 30. Qg4+ Kf7 31. Qxf5+ Ke8 32. Qh5+ Kd8 33. Bc3
fxg3+ 34. Kxg3 Qb7 35. Ba5+ Kd7 36. Qd5+ Ke8 37. Qh5+ Kd7 38. Rc7+ Qxc7+ 39.
Bxc7 Kxe6 40. Qe5+ Kf7 41. Qf5+ Ke8 42. Qxh7 Kd7 43. Be5 a5 44. a4 Rc8 45. Qf5+
e6 46. Qf7+ Kd8 47. Qxe6 Rc3+ 48. Kg4 Rg3+ 49. Kh4 Rxh3+ 50. Qxh3 {Black
resigns} 1-0

[Event "Team 45 45 League T93"]
[Site "Internet Chess Club"]
[Date "2022.07.16"]
[Round "1"]
[White "jcule"]
[Black "Tjet"]
[Result "1/2-1/2"]
[WhiteElo "1329"]
[BlackElo "1243"]
[Opening "Queen's Pawn"]
[ECO "A41"]
[Time "16:00:42"]
[PlyCount "95"]
[TimeControl "2700+45"]

1. d4 d6 2. Nf3 Nf6 3. Bg5 e6 4. e3 Be7 5. Bd3 O-O 6. O-O c6 7. c4 b6 8. Nc3 Bb7
9. Bxf6 Bxf6 10. e4 Nd7 11. Qc2 e5 12. d5 Nc5 13. b4 Nxd3 14. Qxd3 cxd5 15. cxd5
Qd7 16. Rfc1 a5 17. bxa5 Ba6 18. Qe3 bxa5 19. a4 Rfc8 20. Rab1 Rab8 21. Rxb8
Rxb8 22. Qe1 Bd8 23. Rb1 Rxb1 24. Qxb1 Qb7 25. Nb5 f6 26. h3 Bxb5 27. axb5 Bb6
28. Nd2 Qa7 29. Qf1 a4 30. Kh2 Bxf2 31. Qc1 Bc5 32. Nc4 a3 33. b6 Bxb6 34. Qxa3
Qxa3 35. Nxa3 Bc5 36. Nc4 Kf7 37. g4 g5 38. Kg3 h6 39. h4 gxh4+ 40. Kxh4 Kg6 41.
Nd2 Bf2+ 42. Kh3 Kg5 43. Kg2 Bc5 44. Kf3 h5 45. gxh5 Kxh5 46. Nf1 Kg5 47. Ng3
Ba3 48. Nf5 {Game drawn by mutual agreement} 1/2-1/2

[Event "Team 45 45 League T93"]
[Site "Internet Chess Club"]
[Date "2022.07.13"]
[Round "1"]
[White "dwmt"]
[Black "Fulmar"]
[Result "0-1"]
[WhiteElo "1211"]
[BlackElo "1285"]
[Opening "French defense"]
[ECO "C00"]
[Time "19:00:17"]
[PlyCount "91"]
[TimeControl "2700+45"]

1. e4 e6 2. Nf3 d5 3. exd5 exd5 4. Qe2+ Be7 5. g3 Nf6 6. Bg2 Bg4 7. O-O Nc6 8.
c3 Qd7 9. d4 h5 10. Qb5 O-O-O 11. Nbd2 Qf5 12. Qe2 g5 13. Nb3 Rdg8 14. Nbd2 h4
15. b4 Qh7 16. b5 hxg3 17. fxg3 Bxf3 18. Nxf3 Qe4 19. Re1 Nd8 20. Nxg5 Qxe2 21.
Rxe2 Bd6 22. a4 Rh5 23. Bf3 Rhxg5 24. Bxg5 Rxg5 25. Kg2 Ne6 26. Kf2 Rf5 27. Kg2
Kd7 28. Rf1 c5 29. bxc6+ Kxc6 30. h3 Rg5 31. Kh1 Rxg3 32. Bg2 Nf4 33. Ref2 Ne4
34. Bxe4 Rxh3+ 35. Rh2 Rxh2+ 36. Kxh2 Ne2+ 37. Kh3 dxe4 38. Rxf7 Nxc3 39. a5 a6
40. Rf5 e3 41. Kg2 Nd5 42. Kf1 Nc3 43. Rf3 e2+ 44. Ke1 Bb4 45. Rxc3+ Bxc3+ 46.
Kxe2 {White resigns} 0-1